 Dungeon Sprint DCSS version 0.27-a0-686-gaed091b46b (webtiles) character file.

Game seed: 3775111364390675614

151945 mhtbhm the Conqueror (level 17, -2/191 HPs)
             Began as a Minotaur Fighter on Mar 20, 2021.
             Was the Champion of Trog.
             Slain by Wogedd the pandemonium lord (13 damage)
             ... in the Dungeon (Sprint VII: "The Pits").
             The game lasted 00:16:06 (8864 turns).

mhtbhm the Conqueror (Minotaur Fighter)             Turns: 8864, Time: 00:16:06

Health: -2/191     AC: 39    Str: 30    XL:     17   Next: 1%
Magic:  17/17      EV: 14    Int:  6    God:    Trog [******]
Gold:   69         SH: 24    Dex: 13    Spells: 16/16 levels left

rFire    + + +     SeeInvis .   a - +3 broad axe (flame)
rCold    + + .     Faith    .   c - +0 kite shield
rNeg     + . .     Spirit   .   b - +2 gold dragon scales
rPois    +         Reflect  +   (helmet restricted)
rElec    .         Harm     .   f - +1 cloak
rCorr    .         Rampage  .   r - +1 pair of gloves {Str+3}
Will     +....     NoTele   +   y - +1 pair of boots
Stlth    ..........             q - amulet of Qach {Reflect rF++ SH+5}
HPRegen  0.41/turn              w - ring of positive energy
MPRegen  0.15/turn              z - ring of the Octopus King {rC+ AC+1 EV+1 Str+1 Int+1 Dex+1}

@: berserk cooldown, slowed, very slow
A: horns 2, retaliatory headbutt
a: Renounce Religion, Berserk, Trog's Hand, Brothers in Arms


You were in the Dungeon.
You worshipped Trog.
Trog was exalted by your worship.
You visited 1 branch You collected 69 gold pieces.

Inventory:

Hand Weapons
 a - a +3 broad axe of flaming (weapon)
 e - the +8 war axe of the Solstice {vorpal, rPois rC- Will+ Dex+3}
   (Trog gifted it to you in the Dungeon)

   It inflicts extra damage upon your enemies.
   It affects your dexterity (+3).
   It makes you vulnerable to cold.
   It protects you from poison.
   It affects your willpower, your defense against some magical effects.
 B - a +1 sacred scourge of holy wrath
Missiles
 n - 16 poisoned darts (quivered)
Armour
 b - +2 gold dragon scales (worn)
 c - a +0 kite shield (worn)
 f - a +1 cloak (worn)
 r - a +1 pair of gloves of strength (worn)
 y - a +1 pair of boots (worn)
Jewellery
 q - the amulet of Qach (around neck) {Reflect rF++ SH+5}
   (You took it off an orc priest in the Dungeon)

   [amulet of reflection]

   It shields you and reflects attacks.
   It greatly protects you from fire.
   It affects your SH (+5).
 w - a ring of positive energy (right hand)
 z - a ring of the Octopus King (left hand) {rC+ AC+1 EV+1 Str+1 Int+1 Dex+1}
   (You took it off an orc in the Dungeon)

   [ring of protection from cold]

   It affects your AC (+1).
   It affects your evasion (+1).
   It affects your strength (+1).
   It affects your intelligence (+1).
   It affects your dexterity (+1).
   It protects you from cold.
Scrolls
 l - a scroll of summoning
 s - 3 scrolls of fear
 t - a scroll of identify
 u - 3 scrolls of enchant armour
Potions
 d - a potion of might
 g - 4 potions of haste
 h - 4 potions of magic
 i - 5 potions of berserk rage
 k - a potion of invisibility
 p - 2 potions of resistance
Miscellaneous
 m - the horn of Geryon
 o - a phial of floods
 A - a lightning rod (4/4)


   Skills:
 O Level 27 Fighting
 - Level 2.9(3.5) Short Blades
 - Level 3.1(3.8) Long Blades
 O Level 27 Axes
 + Level 10.3(20.6) Maces & Flails
 - Level 3.1(19.0) Polearms
 - Level 3.1(7.6) Staves
 - Level 2.8(6.6) Slings
 - Level 2.8 Bows
 - Level 2.8 Crossbows
 + Level 8.7(8.9) Throwing
 O Level 27 Armour
 + Level 14.7 Dodging
 + Level 7.9 Stealth
 O Level 27 Shields
 - Level 2.6 Unarmed Combat
 - Level 2.3 Invocations
 + Level 7.9 Evocations


You had 16 spell levels left.
You didn't know any spells.
Your spell library was empty.

Dungeon Overview and Level Annotations

Branches:
Dungeon (1/1)

Altars:
Ashenzari
Cheibriados
Dithmenos
Elyvilon
Fedhas
Gozag
Hepliaklqana
Kikubaaqudgha
Makhleb
Nemelex Xobeh
Okawaru
Qazlal
Ru
Sif Muna
Trog
Uskayaw
Vehumet
Wu Jian
Xom
Yredelemnul
Zin
The Shining One
Beogh
Jiyva
Lugonu

Annotations:
D Asmodeus


Innate Abilities, Weirdness & Mutations

You have a pair of horns on your head.
You reflexively headbutt those who attack you in melee.


Message History

You resist.
* * * LOW HITPOINT WARNING * * *
Wogedd gestures at you.
The lance of force reflects off an invisible shield around you!
The lance of force hits Wogedd!!
Wogedd is knocked back by the lance of force.
Wogedd slams into the metal wall!
You block the Ice Fiend's attack. The Ice Fiend closely misses you.
You chop the Ice Fiend into pieces!!! You burn the Ice Fiend!!
You headbutt the Ice Fiend, but do no damage.
The Ice Fiend is almost dead.
You hit Wogedd but do no damage.
You are engulfed in blazing flames.
You resist. You block the Ice Fiend's attack.
The Ice Fiend claws you but does no damage.
Wogedd gestures.
You barely miss the Ice Fiend. You headbutt the Ice Fiend!
The Ice Fiend is almost dead.
You hit Wogedd but do no damage.
You hear a shout!
You block the Ice Fiend's attack.
The Ice Fiend claws you but does no damage.
Wogedd sneers, "Give in, thou skyhacking guts-griping beggar!"
Wogedd hits you but does no damage.
You slice the Ice Fiend!! You burn the Ice Fiend.
You kill the Ice Fiend!
Trog accepts your kill.
You barely miss Wogedd.
Wogedd blinks!
You block the redback's attack.
Your base Maces & Flails skill increases to level 10!
You have reached level 17!
You closely miss the redback.
The redback is moderately wounded.
You hit Wogedd but do no damage. You block the redback's attack.
You block Wogedd's attack.
Unknown command.
You barely miss the redback.
The redback is moderately wounded.
You barely miss Wogedd.
The redback bites you but does no damage.
Wogedd hits you!
You die...

.... #### ### #####
## ###.## +#'..##.##
+.##'## #.##..'##.
####C##)#####'#..#'#
#.#.#.##'##.#.##..##
#s###)#..'####'#..'
#.#@#.#.##.#)#.###..
##&#####..###'##.##.
#& #.#.##..')###'#.
1e #'#.÷#####.##).
##. #†#§##).#.##'.)#
#+ ###.#.####'#..'#
######.##).##.
#.##'..#)##
##'#..†##.#


You could see Asmodeus (clouds), Wogedd, a deep elf blademaster, an Ice Fiend
and a redback (summoned).

Vanquished Creatures
  the Royal Jelly (D)
  Mnoleg (D)
  4 pandemonium lords (D)
  Mara (D)
  2 royal mummies (D)
  the Lernaean hydra (D)
  A curse toe (D)
  A golden dragon (D)
  A pearl dragon (D)
  A Brimstone Fiend (D)
  3 Tzitzimimeh (D)
  2 hellephants (D)
  A lich (D)
  A Hell Sentinel (D)
  2 Ice Fiends (D)
  A deep elf blademaster (D)
  An acid blob (D)
  An Executioner (D)
  2 titans (D)
  A storm dragon (D)
  A nagaraja (D)
  2 fire giants (D)
  An iron dragon (D)
  3 azure jellies (D)
  2 rockslimes (D)
  A draconian scorcher (D)
  2 ghost moths (D)
  An emperor scorpion (D)
  A cacodemon (D)
  2 orc warlords (D)
  A reaper (D)
  A draconian stormcaller (D)
  An angel (D)
  2 deep elf annihilators (D)
  A dire elephant (D)
  An eidolon (D)
  A mummy priest (D)
  A great orb of eyes (D)
  A boulder beetle (D)
  2 ice dragons (D)
  A vault guard (D)
  4 naga warriors (D)
  An ogre mage (D)
  An alligator snapping turtle (D)
  An orc high priest (D)
  A two-headed ogre (D)
  2 hell knights (D)
  A deep elf knight (D)
  An iron troll (D)
  An unseen horror (D)
  A sea snake (D)
  A swamp dragon (D)
  A flayed ghost (D)
  A wizard (D)
  A phantasmal warrior (D)
  A deep elf zephyrmancer (D)
  10 orc knights (D)
  2 moths of wrath (D)
  2 salamanders (D)
  A manticore (D)
  2 cane toads (D)
  A smoke demon (D)
  2 molten gargoyles (D)
  A rime drake (D)
  2 komodo dragons (D)
  A demonic crawler (D)
  A hellion (D)
  2 tormentors (D)
  A freezing wraith (D)
  A guardian mummy (D)
  2 jumping spiders (D)
  A red devil (D)
  A hornet (D)
  4 slime creatures (D)
  A troll (D)
  4 blink frogs (D)
  A large abomination (D)
  Sigmund (D)
  An air elemental (D)
  A water elemental (D)
  A flying skull (D)
  2 redbacks (D)
  A ynoxinul (D)
  A fire elemental (D)
  2 golden eyes (D)
  A steam dragon (D)
  2 neqoxecs (D)
  2 wargs (D)
  2 floating eyes (D)
  An ice beast (D)
  A black bear (D)
  A swamp drake (D)
  5 ogres (D)
  A sky beast (D)
  2 necrophages (D)
  3 centaurs (D)
  A wolf (D)
  A scorpion (D)
  10 killer bees (D)
  4 orc priests (D)
  An iguana (D)
  3 orc wizards (D)
  A mummy (D)
  An adder (D)
  A river rat (D)
  An adder zombie (D)
  2 worms (D)
  8 orcs (D)
  A bat skeleton (D)
  A goblin (D)
  15 jackals (D)
  2 quokkas (D)
  A bat simulacrum (D)
  A leopard gecko skeleton (D)
  4 rats (D)
210 creatures vanquished.

Vanquished Creatures (collateral kills)
  Geryon (D)
  An electric golem (D)
  A death cob (D)
  A nagaraja (D)
  A rockslime (D)
  A ghost moth (D)
  An ophan (D)
  A naga warrior (D)
  A merfolk avatar (D)
  Erica (D)
  A death yak (D)
  A deep elf knight (D)
  2 orc knights (D)
  An ice devil (D)
  An orc (D)
16 creatures vanquished.

Vanquished Creatures (others)
  A royal mummy (D)
  A catoblepas (D)
  An orc knight (D)
  An ugly thing (D)
4 creatures vanquished.

Grand Total: 230 creatures vanquished

Notes
Turn   | Place    | Note
-------+----------+-------------------------------------------
     0 | D        | mhtbhm the Minotaur Fighter began the quest for the Orb.
     0 | D        | Reached XP level 1. HP: 19/19 MP: 0/0
    21 | D        | Found a bloodstained altar of Trog.
    21 | D        | Found a shimmering blue altar of Sif Muna.
    21 | D        | Found a viscous altar of Jiyva.
    21 | D        | Found a hazy altar of Hepliaklqana.
    21 | D        | Found an opulent altar of Gozag.
    22 | D        | Found a glowing golden altar of the Shining One.
    22 | D        | Found a glowing silver altar of Zin.
    22 | D        | Found a basalt altar of Yredelemnul.
    22 | D        | Found a shimmering altar of Xom.
    22 | D        | Found an ornate altar of the Wu Jian Council.
    22 | D        | Found a sacrificial altar of Ru.
    22 | D        | Found a stormy altar of Qazlal.
    22 | D        | Found an iron altar of Okawaru.
    22 | D        | Found a sparkling altar of Nemelex Xobeh.
    22 | D        | Found a burning altar of Makhleb.
    22 | D        | Found a blossoming altar of Fedhas.
    22 | D        | Found a white marble altar of Elyvilon.
    22 | D        | Found a shadowy altar of Dithmenos.
    22 | D        | Found a snail-covered altar of Cheibriados.
    24 | D        | Found a radiant altar of Vehumet.
    24 | D        | Found a corrupted altar of Lugonu.
    26 | D        | Became a worshipper of Trog the Wrathful
    62 | D        | Noticed a floating eye
    65 | D        | Paralysed by a floating eye for 4 turns
    69 | D        | Killed a floating eye
    70 | D        | Reached XP level 2. HP: 30/31 MP: 1/1
    70 | D        | Reached XP level 3. HP: 36/38 MP: 2/2
    70 | D        | Reached XP level 4. HP: 43/45 MP: 3/3
    77 | D        | Reached * piety under Trog
    87 | D        | Reached ** piety under Trog
    90 | D        | Reached *** piety under Trog
   168 | D        | Noticed a sky beast
   175 | D        | Reached **** piety under Trog
   183 | D        | Killed a sky beast
   184 | D        | Reached skill level 5 in Axes
   184 | D        | Reached XP level 5. HP: 53/53 MP: 4/4
   225 | D        | Reached skill level 1 in Dodging
   225 | D        | Reached XP level 6. HP: 52/62 MP: 5/5
   242 | D        | Noticed a warg
   242 | D        | Noticed a flying skull
   245 | D        | Reached ***** piety under Trog
   246 | D        | Reached skill level 10 in Fighting
   246 | D        | Reached skill level 10 in Armour
   246 | D        | Reached skill level 10 in Shields
   246 | D        | Reached XP level 7. HP: 55/72 MP: 6/6
   252 | D        | Killed a flying skull
   360 | D        | Noticed a death yak
   360 | D        | Noticed Erica
   374 | D        | HP: 3/73 [something (10)]
   378 | D        | Killed a death yak
   379 | D        | Reached skill level 10 in Axes
   379 | D        | Reached XP level 8. HP: 37/82 MP: 7/7
   389 | D        | Killed Erica
   648 | D        | Found a hide-covered altar of Uskayaw.
   648 | D        | Found an ancient bone altar of Kikubaaqudgha.
   648 | D        | Found a broken altar of Ashenzari.
   676 | D        | Noticed a jumping spider
   710 | D        | Killed a jumping spider
   812 | D        | Noticed a deep elf zephyrmancer
   819 | D        | Reached XP level 9. HP: 69/90 MP: 8/8
   822 | D        | Killed a deep elf zephyrmancer
   908 | D        | Noticed a jumping spider
   911 | D        | Noticed a great orb of eyes
   919 | D        | Killed a great orb of eyes
   919 | D        | Received a gift from Trog
   926 | D        | Killed a jumping spider
  1055 | D        | Noticed an ice dragon
  1068 | D        | Killed an ice dragon
  1069 | D        | Reached XP level 10. HP: 10/101 MP: 9/9
  1433 | D        | Noticed an alligator snapping turtle
  1433 | D        | Noticed a phantasmal warrior
  1445 | D        | Killed a phantasmal warrior
  1445 | D        | Reached ****** piety under Trog
  1446 | D        | Reached skill level 15 in Axes
  1451 | D        | Killed an alligator snapping turtle
  1719 | D        | Noticed an orc high priest
  1720 | D        | Paralysed by a floating eye for 4 turns
  1723 | D        | Noticed a rust devil
  1724 | D        | Received a gift from Trog
  1727 | D        | Reached skill level 5 in Dodging
  1728 | D        | Reached skill level 1 in Stealth
  1731 | D        | Paralysed by a floating eye for 3 turns
  1736 | D        | Killed an orc high priest
  1738 | D        | Received a gift from Trog
  2025 | D        | Noticed an orc knight
  2025 | D        | Noticed an orc knight
  2033 | D        | Killed an orc knight
  2033 | D        | Received a gift from Trog
  2034 | D        | Reached skill level 15 in Fighting
  2034 | D        | Reached XP level 11. HP: 112/112 MP: 10/10
  2037 | D        | Killed an orc knight
  2344 | D        | Noticed a flayed ghost
  2346 | D        | Received a gift from Trog
  2350 | D        | Reached skill level 15 in Armour
  2354 | D        | Killed a flayed ghost
  2437 | D        | Identified the +4 battleaxe of Laenlic {flame, Str+4} (Trog
                  | gifted it to you in the Dungeon)
  2437 | D        | Received a gift from Trog
  2675 | D        | Noticed a sea snake
  2682 | D        | Received a gift from Trog
  2688 | D        | Killed a sea snake
  2696 | D        | Reached skill level 15 in Shields
  2777 | D        | Noticed Sigmund
  2788 | D        | Received a gift from Trog
  2799 | D        | Killed Sigmund
  2801 | D        | Received a gift from Trog
  2812 | D        | Received a gift from Trog
  3138 | D        | Noticed a naga warrior
  3138 | D        | Noticed a wizard
  3138 | D        | Noticed an ogre mage
  3138 | D        | Noticed a two-headed ogre
  3143 | D        | Killed a two-headed ogre
  3147 | D        | Killed an ogre mage
  3150 | D        | Reached XP level 12. HP: 125/125 MP: 11/11
  3152 | D        | Received a gift from Trog
  3157 | D        | Killed a naga warrior
  3716 | D        | Noticed a hellephant
  3732 | D        | Killed a hellephant
  3786 | D        | Noticed the 27-headed Lernaean hydra
  3798 | D        | Killed the 27-headed Lernaean hydra
  3798 | D        | Received a gift from Trog
  4029 | D        | Noticed a deep elf annihilator
  4043 | D        | Killed a deep elf annihilator
  4063 | D        | Noticed a death cob
  4063 | D        | Found the ring of the Octopus King {rC+ AC+1 EV+1 Str+1
                  | Int+1 Dex+1}
  4064 | D        | Killed a ghost moth
  4067 | D        | Killed a death cob
  4082 | D        | Received a gift from Trog
  4085 | D        | Identified the +1 scale mail "Riewirut" {+Inv Will++}
  4085 | D        | Noticed an angel
  4085 | D        | Identified the amulet of Qach {Reflect rF++ SH+5}
  4094 | D        | Noticed an emperor scorpion
  4095 | D        | Reached XP level 13. HP: 139/139 MP: 3/12
  4107 | D        | Received a gift from Trog
  4111 | D        | Killed an angel
  4118 | D        | Killed an emperor scorpion
  4136 | D        | Received a gift from Trog
  4148 | D        | Reached skill level 10 in Dodging
  4535 | D        | Noticed an eidolon
  4536 | D        | Noticed an orc warlord
  4537 | D        | Noticed an orc warlord
  4539 | D        | Received a gift from Trog
  4541 | D        | Noticed a nagaraja
  4542 | D        | Killed an eidolon
  4550 | D        | Noticed a royal mummy
  4556 | D        | Killed an orc warlord
  4556 | D        | Received a gift from Trog
  4557 | D        | Killed an orc warlord
  4561 | D        | Killed a nagaraja
  4563 | D        | Noticed an emperor scorpion
  4563 | D        | Noticed an emperor scorpion
  4564 | D        | Received a gift from Trog
  4567 | D        | Noticed an emperor scorpion
  4567 | D        | Noticed an emperor scorpion
  4567 | D        | Noticed an emperor scorpion
  4572 | D        | Killed a royal mummy
  4587 | D        | Noticed a nagaraja
  4592 | D        | Killed a nagaraja
  4592 | D        | Received a gift from Trog
  4922 | D        | Reached XP level 14. HP: 83/155 MP: 13/13
  5319 | D        | Noticed an Ice Fiend
  5322 | D        | Killed an Ice Fiend
  5322 | D        | Received a gift from Trog
  5384 | D        | Noticed Geryon
  5384 | D        | Noticed an ophan
  5384 | D        | Noticed a fire giant
  5384 | D        | Noticed an electric golem
  5393 | D        | Killed a fire giant
  5404 | D        | Received a gift from Trog
  5413 | D        | Killed Geryon
  5415 | D        | Killed an ophan
  5418 | D        | Killed an electric golem
  5663 | D        | Noticed a titan
  5668 | D        | Killed a titan
  5675 | D        | Received a gift from Trog
  5790 | D        | Noticed Utoryosh the pandemonium lord
  5802 | D        | Killed Utoryosh the pandemonium lord
  5873 | D        | Killed a ghost moth
  5876 | D        | Noticed a royal mummy
  5884 | D        | Killed a royal mummy
  6096 | D        | Noticed the Royal Jelly
  6099 | D        | Noticed a rockslime
  6099 | D        | Noticed an azure jelly
  6099 | D        | Noticed an azure jelly
  6106 | D        | Killed an azure jelly
  6108 | D        | Killed a rockslime
  6113 | D        | Noticed a rockslime
  6116 | D        | Killed the Royal Jelly
  6116 | D        | Killed an azure jelly
  6116 | D        | Noticed a rockslime
  6116 | D        | Noticed an azure jelly
  6117 | D        | Reached XP level 15. HP: 98/171 MP: 14/14
  6122 | D        | Killed a rockslime
  6126 | D        | Killed an azure jelly
  6140 | D        | Killed a rockslime
  6655 | D        | Noticed a titan
  6660 | D        | Killed a titan
  6668 | D        | Received a gift from Trog
  6792 | D        | Noticed a curse toe
  6798 | D        | Killed a curse toe
  6803 | D        | Noticed an Executioner
  6805 | D        | Killed an Executioner
  6817 | D        | Noticed Ciakk the pandemonium lord
  6825 | D        | Killed Ciakk the pandemonium lord
  7009 | D        | Noticed a green draconian scorcher
  7014 | D        | Killed a green draconian scorcher
  7088 | D        | Noticed a pearl dragon
  7095 | D        | Killed a pearl dragon
  7095 | D        | Received a gift from Trog
  7096 | D        | Reached skill level 27 in Fighting
  7096 | D        | Reached skill level 27 in Axes
  7199 | D        | Noticed a Tzitzimitl
  7207 | D        | Killed a Tzitzimitl
  7231 | D        | Killed a ghost moth
  7289 | D        | Noticed Mnoleg
  7325 | D        | Killed Mnoleg
  7326 | D        | Reached XP level 16. HP: 183/183 MP: 11/15
  7518 | D        | Noticed a Tzitzimitl
  7524 | D        | Killed a Tzitzimitl
  7524 | D        | Identified the +8 war axe of the Solstice {vorpal, rPois
                  | rC- Will+ Dex+3} (Trog gifted it to you in the Dungeon)
  7524 | D        | Received a gift from Trog
  7564 | D        | Noticed Mara
  7579 | D        | Killed Mara
  7956 | D        | Noticed a deep elf blademaster
  7957 | D        | Noticed a hellephant
  7964 | D        | Killed a deep elf blademaster
  7975 | D        | Killed a hellephant
  7975 | D        | Received a gift from Trog
  8150 | D        | Noticed Ziaghegh the pandemonium lord
  8163 | D        | Killed Ziaghegh the pandemonium lord
  8164 | D        | Reached skill level 27 in Armour
  8164 | D        | Reached skill level 27 in Shields
  8304 | D        | Noticed a royal mummy
  8305 | D        | Noticed a storm dragon
  8311 | D        | Killed a storm dragon
  8312 | D        | Reached skill level 1 in Short Blades
  8312 | D        | Reached skill level 1 in Long Blades
  8312 | D        | Reached skill level 1 in Maces & Flails
  8312 | D        | Reached skill level 1 in Polearms
  8312 | D        | Reached skill level 1 in Staves
  8312 | D        | Reached skill level 1 in Slings
  8312 | D        | Reached skill level 1 in Bows
  8312 | D        | Reached skill level 1 in Crossbows
  8312 | D        | Reached skill level 1 in Throwing
  8312 | D        | Reached skill level 1 in Unarmed Combat
  8312 | D        | Reached skill level 1 in Invocations
  8318 | D        | Killed a royal mummy
  8404 | D        | Noticed a Brimstone Fiend
  8410 | D        | Killed a Brimstone Fiend
  8413 | D        | Noticed Yliosaitro the pandemonium lord
  8425 | D        | Killed Yliosaitro the pandemonium lord
  8425 | D        | Received a gift from Trog
  8426 | D        | Reached skill level 5 in Throwing
  8426 | D        | Reached skill level 5 in Stealth
  8426 | D        | Reached skill level 5 in Evocations
  8766 | D        | Noticed a Tzitzimitl
  8777 | D        | Killed a Tzitzimitl
  8830 | D        | Noticed a Hell Sentinel
  8836 | D        | Killed a Hell Sentinel
  8837 | D        | Noticed an acid blob
  8837 | D        | Noticed a lich
  8837 | D        | Noticed an Ice Fiend
  8840 | D        | Killed a lich
  8840 | D        | Received a gift from Trog
  8843 | D        | Killed an acid blob
  8843 | D        | Noticed a golden dragon
  8850 | D        | Killed a golden dragon
  8856 | D        | Found the +7 sceptre of Asmodeus
  8856 | D        | Noticed Asmodeus
  8856 | D        | Noticed Wogedd the pandemonium lord
  8856 | D        | Noticed an Ice Fiend
  8858 | D        | Noticed a deep elf blademaster
  8859 | D        | HP: 8/183 [Asmodeus] (4)]
  8862 | D        | Killed an Ice Fiend
  8863 | D        | Reached skill level 10 in Maces & Flails
  8863 | D        | Reached XP level 17. HP: 11/191 MP: 17/17
  8864 | D        | Slain by Wogedd the pandemonium lord

Illustrated notes

Levels and vault maps discovered:
D:        pitsprint [storerooms_1, entrance_room_1, metal_vault_7, armoury_1,
          mini_pit_1, grid_room_1, main_hall_1, silver_pit, the_coven_1,
          the_vestibule_1, steel_vault_5, golden_pit, hallway_of_sentries,
          crystal_vault_2, iron_vault_5, final_vault]

Skill      XL: |  1  2  3  4  5  6  7  8  9 10 11 12 13 14 15 16 |
---------------+-------------------------------------------------+-----
Fighting       | 6 8 10 11 12 13 15 17 19 22 25 27 | 27.0
Armour         | 6 8 10 11 12 13 14 15 17 18 21 24 27 | 27.0
Shields        | 6 8 10 11 12 13 14 15 16 18 22 24 27 | 27.0
Axes           | 4 5 6 7 10 11 14 17 19 21 23 26 27 | 27.0
Dodging        | 1 2 3 4 5 7 9 11 12 14 | 14.7
Stealth        | 1 2 7 |  7.9
Short Blades   | 2 |  2.9
Long Blades    | 3 |  3.1
Maces & Flails | 10 | 10.3
Polearms       | 3 |  3.1
Staves         | 3 |  3.1
Slings         | 2 |  2.8
Bows           | 2 |  2.8
Crossbows      | 2 |  2.8
Throwing       | 8 |  8.7
Unarmed Combat | 2 |  2.6
Invocations    | 2 |  2.3
Evocations     | 7 |  7.9

Action                   |  1- 3 |  4- 6 |  7- 9 | 10-12 | 13-15 | 16-18 || total
-------------------------+-------+-------+-------+-------+-------+-------++-------
Melee: War axe           |     4 |       |       |       |       |       ||     4
       Hand axe          |     3 |    43 |    32 |       |       |       ||    78
       Headbutt          |     1 |     9 |    16 |    42 |    70 |    44 ||   182
       Broad axe         |       |       |    38 |   210 |   307 |   136 ||   691
Invok: Berserk           |       |     2 |     3 |     8 |     6 |     6 ||    25
       Brothers in Arms  |       |       |     1 |     2 |     6 |     1 ||    10
       Trog's Hand       |       |       |       |     1 |     4 |       ||     5
  Use: Potion            |       |       |     7 |     8 |     9 |       ||    24
       Scroll            |       |       |       |     2 |     2 |       ||     4
 Stab: Invisible         |       |       |       |       |    12 |       ||    12
       Petrified         |       |       |       |       |     1 |       ||     1
Armor: Scale mail        |     7 |     5 |    18 |    90 |    29 |       ||   149
       Plate armour      |       |    18 |    20 |       |       |       ||    38
       Gold dragon scale |       |       |       |       |   106 |    35 ||   141
Dodge: Dodged            |     4 |    15 |    22 |    93 |   103 |    18 ||   255
Block: Kite shield       |     7 |    22 |    39 |   104 |   165 |    88 ||   425
       Reflection        |       |       |       |       |       |     4 ||     4

Table legend: (Time is in decaauts)
 A = Elapsed time spent in this place.
 B = Non-inter-level travel time spent in this place.
 C = Inter-level travel time spent in this place.
 D = Time resting spent in this place.
 E = Time spent auto-exploring this place.
 F = Levels seen in this place.
 G = Mean time per level.
                   A        B        C        D        E       F      G
               +--------+--------+--------+--------+--------+-----+--------+
         Total |   8885 |   8885 |      0 |   6271 |    217 |   1 | 8885.0 |
       Dungeon |   8885 |   8885 |      0 |   6271 |    217 |   1 | 8885.0 |
               +--------+--------+--------+--------+--------+-----+--------+

Top non-repeatable levels by time:
       D: 8885 daAuts
